 Dungeon Crawl Stone Soup version 0.20-a0-19-gd4fea00 (webtiles) character file.

54687 KristoblXynda the Severer (level 14, -2/101 HPs)
             Began as a Minotaur Skald on Nov 6, 2016.
             Was the Champion of Cheibriados.
             Splashed by an oklob plant's acid (13 damage)
             ... on level 6 of the Lair of Beasts on Nov 7, 2016.
             The game lasted 00:40:15 (16067 turns).

KristoblXynda the Severer (Minotaur Skald)         Turns: 16067, Time: 00:40:16

Health: -2/101     AC: 20    Str: 33    XL:     14   Next: 35%
Magic:  0/22       EV: 23    Int: 28    God:    Cheibriados [******]
Gold:   1384       SH: 14    Dex: 23    Spells: 1 memorised, 22 levels left

rFire  + . .     SeeInvis .     E - +0 broad axe (flame)
rCold  . . .     Gourm    .     C - +5 ring mail of Xeodull {+Fly rElec rPois Dex-4}
rNeg   . . .     Faith    .     x - +0 shield
rPois  +         Spirit   +     (helmet unavailable)
rElec  +         Reflect  .     c - +1 cloak
rCorr  .         Harm     .     q - +1 pair of gloves
MR     +....                    u - +0 pair of boots of Panentheism {rPois Dex+2}
Stlth  +++.......               l - amulet of guardian spirit
                                w - +4 ring of protection
                                b - +5 ring of evasion

@: corroded, very slow
A: retaliatory headbutt, horns 3, thin metallic scales 1, fire resistance 1,
frail 1, slow regeneration 1
a: Bend Time, Temporal Distortion, Slouch, Step From Time, Renounce Religion,
Evoke Flight


You were on level 6 of the Lair of Beasts.
You worshipped Cheibriados.
Cheibriados was exalted by your worship.
You were not hungry.

You visited 4 branches of the dungeon, and saw 19 of its levels.
You visited the Abyss 1 time.

You collected 1384 gold pieces.

Inventory:

Hand Weapons
 E - a +0 broad axe of flaming (weapon)
Missiles
 D - a throwing net (quivered)
Armour
 c - a +1 cloak (worn)
 q - a +1 pair of gloves (worn)
 u - the +0 pair of boots of Panentheism (worn) {rPois Dex+2}
   (You found it on level 4 of the Dungeon)

   It affects your dexterity (+2).
   It protects you from poison.
 x - a +0 shield (worn)
 C - the +5 ring mail of Xeodull (worn) {+Fly rElec rPois Dex-4}
   (You found it on level 5 of the Lair of Beasts)

   It affects your dexterity (-4).
   It insulates you from electricity.
   It protects you from poison.
   It lets you fly.
Jewellery
 b - a +5 ring of evasion (left hand)
 l - an amulet of guardian spirit (around neck)
 w - a +4 ring of protection (right hand)
Wands
 e - a wand of acid (8/15)
 p - a wand of teleportation (5/9)
Scrolls
 a - 2 scrolls of teleportation
 f - 4 scrolls of remove curse
 i - a scroll of recharging
 j - 3 scrolls of enchant armour
 r - 2 scrolls of amnesia
 t - 2 scrolls of brand weapon
 z - a scroll of magic mapping
 A - 5 scrolls of identify
 F - a scroll of fear
Potions
 h - 2 potions of magic
 o - a potion of resistance
 s - a potion of brilliance
 v - a potion of curing
 K - a potion of agility
Miscellaneous
 G - a fan of gales
Comestibles
 d - 13 bread rations
 g - 3 royal jellies
 k - 2 meat rations
 n - 10 fruits
 B - 3 beef jerkies


   Skills:
 + Level 7.1 Fighting
 - Level 15.1 Axes
 + Level 9.8 Armour
 - Level 8.7 Dodging
 - Level 6.7 Stealth
 + Level 9.3 Shields
 - Level 6.4 Spellcasting
 - Level 3.0 Charms
 - Level 5.3 Necromancy
 - Level 5.3 Invocations
 - Level 6.2 Evocations


You had 22 spell levels left.
You knew the following spells:

 Your Spells              Type           Power        Failure   Level  Hunger
b - Regeneration          Chrm/Necr      ####......   12%         3    None


Dungeon Overview and Level Annotations

Branches:
Dungeon (11/15)            Temple (1/1) D:5            Lair (6/6) D:11
  Swamp (0/4) Lair:4        Snake (0/4) Lair:2        Slime (0/5) Lair:6
    Orc (1/2) D:9

Altars:
Ashenzari
Cheibriados
Dithmenos
Elyvilon
Fedhas
Gozag
Hepliaklqana
Kikubaaqudgha
Makhleb
Nemelex Xobeh
Okawaru
Qazlal
Ru
Sif Muna
Trog
Uskayaw
Vehumet
Xom
Yredelemnul
Zin
The Shining One

Shops:
D:5 [

Annotations:
Lair:6 exclusion: 2 oklob plants


Innate Abilities, Weirdness & Mutations

You reflexively headbutt those who attack you in melee.
You have a pair of large horns on your head.
You are partially covered in thin metallic scales. (AC +2)
Your flesh is heat resistant. (rF+)
You are frail. (-10% HP)
You regenerate slowly when monsters are visible.


Message History

The acid burns!
* * * LOW HITPOINT WARNING * * *
The oklob plant spits acid at you. The splash of acid hits you!
The acid corrodes you!
You are splashed with acid!
The acid burns!
* * * LOW HITPOINT WARNING * * *
Your magical effects are unravelling.
You feel magically purged.
Your magical contamination has completely faded away.
You are no longer corroded.
The oklob plant spits acid at you. The splash of acid hits you!
The acid corrodes you!
You are splashed with acid!
The acid burns!
* * * LOW HITPOINT WARNING * * *
You feel better. The oklob plant spits acid at you.
The splash of acid hits you!
* * * LOW HITPOINT WARNING * * *
You are splashed with acid!
The acid burns!
You die...

.........................#
........................#
......##...###.##.....###
####.###..## #####......##
### ##.# ##......## ###
#### ##......##
##...####.#.....#
#.$>.P.#.###....##
#....@...#.#.....#
##P........#.....#
###............##
#####......##.# ########
##


You could see 2 oklob plants.

Vanquished Creatures
  A tentacled starspawn (Abyss:1)
  4 hydras
  Fannar (Lair:2)
  A death knight (D:11)
  3 catoblepae (Lair:6)
  10 death yaks (Lair:6)
  Sonja (D:11)
  Nergalle (D:11)
  An unseen horror (D:11)
  A swamp dragon (Lair:4)
  4 hill giants (D:10)
  A necromancer (D:10)
  2 oklob plants (Lair:6)
  An ugly thing (D:11)
  6 black mambas
  Maurice (D:8)
  Joseph (D:7)
  Psyche (D:10)
  15 spiny frogs
  4 elephants (Lair:3)
  A gargoyle (D:10)
  A rime drake (Lair:2)
  10 komodo dragons
  3 polar bears
  A two-headed ogre (D:8)
  11 hippogriffs
  10 dream sheep
  9 blink frogs
  33 yaks
  A wraith (D:11)
  3 wyverns
  A ynoxinul (Abyss:1)
  Grum (D:11)
  3 hogs (D:7)
  A human (D:7)
  2 basilisks
  4 fire bats (Lair:1)
  2 hungry ghosts
  14 water moccasins
  4 orc warriors
  13 porcupines
  3 ice beasts
  2 black bears
  A necrophage (D:11)
  5 phantoms
  3 ogres
  6 sky beasts
  5 wolves
  4 boggarts (Lair:5)
  4 centaurs
  A big kobold (D:8)
  9 crocodiles
  11 bullfrogs
  A gnoll sergeant (D:9)
  2 scorpions
  6 killer bees (D:8)
  A troll zombie (D:9)
  3 wights (D:11)
  2 electric eels
  3 crimson imps
  7 hounds
  10 orc priests
  A bullfrog skeleton (D:6)
  A jelly (D:6)
  3 gnoll shamans (D:9)
  8 orc wizards
  3 centaur skeletons
  Crazy Yiuf (D:3)
  4 iguanas
  2 polar bear simulacra (D:10)
  9 worker ants
  2 yak simulacra (D:10)
  3 wolf simulacra (D:10)
  5 ogre zombies (D:9)
  2 hound zombies
  A hound skeleton (D:10)
  A worker ant zombie (D:11)
  13 adders
  5 gnolls (D:9)
  2 oozes
  An adder zombie (D:8)
  An adder skeleton (D:4)
  4 worms
  4 dart slugs
  7 leopard geckos
  39 orcs
  6 ball pythons
  3 bats
  A giant cockroach (D:2)
  7 hobgoblins
  18 jackals
  7 quokkas
  8 frilled lizards
  5 goblins
  A goblin skeleton (D:9)
  3 goblin zombies (D:9)
  A hobgoblin skeleton (D:9)
  A hobgoblin zombie (D:9)
  A jackal skeleton (D:7)
  16 kobolds
  A leopard gecko skeleton (D:4)
  An orc skeleton (D:9)
  12 orc zombies (D:9)
  2 quokka skeletons
  A quokka zombie (D:9)
  10 rats
  4 river rat simulacra (D:10)
  A fungus (Lair:5)
  3 plants
512 creatures vanquished.

Vanquished Creatures (others)
  18 fungi
  8 plants
  2 starspawn tentacles (Abyss:1)
28 creatures vanquished.

Grand Total: 540 creatures vanquished

Notes
Turn   | Place    | Note
-------+----------+-------------------------------------------
     0 | D:1      | KristoblXynda the Minotaur Skald began the quest for the Orb.
     0 | D:1      | Reached XP level 1. HP: 18/18 MP: 1/1
   115 | D:1      | Reached XP level 2. HP: 19/25 MP: 3/3
   420 | D:1      | Reached skill level 3 in Axes
   710 | D:2      | Reached XP level 3. HP: 29/30 MP: 4/4
  1358 | D:2      | Reached XP level 4. HP: 12/37 MP: 5/5
  1658 | D:2      | You fall through a shaft for 2 floors!
  2071 | D:2      | Learned a level 3 spell: Regeneration
  2400 | D:3      | HP: 1/37 [orc priest/divine providence (15)]
  2626 | D:3      | Reached XP level 5. HP: 30/42 MP: 6/6
  2809 | D:3      | Found a faded altar of an unknown god.
  2859 | D:3      | Found a runed door.
  2863 | D:3      | Noticed Crazy Yiuf
  2873 | D:3      | Killed Crazy Yiuf
  2873 | D:3      | Reached skill level 4 in Axes
  3272 | D:4      | Reached skill level 1 in Necromancy
  3276 | D:4      | Noticed a phantom
  3289 | D:4      | Noticed an ogre
  3429 | D:4      | Reached XP level 6. HP: 50/50 MP: 7/7
  3544 | D:4      | Reached skill level 5 in Axes
  3699 | D:4      | Found a white marble altar of Elyvilon.
  3705 | D:4      | Reached skill level 5 in Armour
  3705 | D:4      | Reached XP level 7. HP: 50/56 MP: 8/8
  3951 | D:4      | Got a pair of slimy boots
  3962 | D:4      | Identified the +0 pair of boots of Panentheism {rPois Dex+2} (You found it on level 4 of the Dungeon)
  3982 | D:5      | Entered Level 5 of the Dungeon
  3982 | D:5      | Found a staircase to the Ecumenical Temple.
  3990 | Temple   | Entered the Ecumenical Temple
  4137 | Temple   | Became a worshipper of Cheibriados the Contemplative
  4317 | D:5      | Found Agi Dae's Armour Emporium.
  4673 | D:6      | HP: 1/56 [orc warrior/halberd (6)]
  4674 | D:6      | Reached skill level 6 in Axes
  4682 | D:6      | HP: 3/84 [orc priest/enchanted mace (1)]
  4683 | D:6      | Reached * piety under Cheibriados
  5166 | D:6      | Reached XP level 8. HP: 52/62 MP: 7/9
  5798 | D:7      | Reached skill level 7 in Axes
  5984 | D:7      | Noticed Joseph
  5996 | D:7      | Killed Joseph
  6113 | D:7      | Reached skill level 8 in Axes
  6113 | D:7      | Reached skill level 5 in Dodging
  6374 | D:7      | Reached XP level 9. HP: 68/68 MP: 10/10
  6391 | D:7      | Reached ** piety under Cheibriados
  6403 | D:7      | Reached skill level 9 in Axes
  6485 | D:7      | Reached skill level 5 in Necromancy
  6989 | D:8      | Reached skill level 1 in Invocations
  7059 | D:8      | Reached *** piety under Cheibriados
  7155 | D:8      | Noticed Maurice
  7178 | D:8      | Killed Maurice
  7178 | D:8      | Reached skill level 10 in Axes
  7204 | D:8      | Reached XP level 10. HP: 73/74 MP: 11/11
  7808 | D:9      | Reached **** piety under Cheibriados
  7897 | D:9      | Found a staircase to the Orcish Mines.
  8092 | D:9      | Reached skill level 11 in Axes
  8409 | Orc:1    | Entered Level 1 of the Orcish Mines
  8443 | D:10     | Entered Level 10 of the Dungeon
  8443 | D:10     | Noticed a hill giant
  8458 | D:10     | Killed a hill giant
  8458 | D:10     | Reached skill level 1 in Shields
  8458 | D:10     | Reached skill level 5 in Invocations
  8673 | D:10     | Reached ***** piety under Cheibriados
  8673 | D:10     | Reached skill level 1 in Evocations
  8870 | D:10     | Noticed a hill giant
  8875 | D:10     | Killed a hill giant
  8875 | D:10     | Reached XP level 11. HP: 80/80 MP: 13/13
  8900 | D:10     | Noticed Psyche
  8903 | D:10     | Killed Psyche
  8980 | D:10     | Noticed a hill giant
  8981 | D:10     | Noticed a hill giant
  8993 | D:10     | Killed a hill giant
  8994 | D:10     | Killed a hill giant
  8994 | D:10     | Reached skill level 12 in Axes
  9010 | D:10     | Gained mutation: You have a pair of large horns on your head. [mutagenic meat]
  9011 | D:10     | Gained mutation: You have a somewhat thin skeletal structure. (Dex +2, Stealth) [mutagenic meat]
  9012 | D:10     | Gained mutation: You are partially covered in thin metallic scales. (AC +2) [mutagenic meat]
  9014 | D:10     | Gained mutation: Your flesh is heat resistant. (rF+) [mutagenic meat]
  9083 | D:10     | Noticed a necromancer
  9096 | D:10     | Killed a necromancer
  9096 | D:10     | Reached skill level 5 in Shields
  9219 | D:11     | Noticed Nergalle
  9225 | D:11     | Killed Nergalle
  9632 | D:11     | Noticed Grum
  9647 | D:11     | Killed Grum
  9896 | D:11     | Noticed a white ugly thing
  9906 | D:11     | Killed a white ugly thing
  9989 | D:11     | Noticed a death knight
  9999 | D:11     | Killed a death knight
 10037 | D:11     | Reached skill level 5 in Evocations
 10067 | D:11     | Got an amber-encrusted ring mail
 10068 | D:11     | Identified the cursed +0 ring mail of Xomah {Dex+4} (You found it on level 11 of the Dungeon)
 10121 | D:11     | Found a shimmering altar of Xom.
 10153 | D:11     | Noticed Sonja
 10157 | D:11     | Killed an unseen horror
 10157 | D:11     | Reached skill level 13 in Axes
 10550 | D:11     | Reached ****** piety under Cheibriados
 10658 | D:11     | Cast into level 1 of the Abyss (Sonja)
 10712 | Abyss:1  | Noticed a tentacled starspawn
 10716 | Abyss:1  | Killed a tentacled starspawn
 10716 | Abyss:1  | Reached XP level 12. HP: 82/88 MP: 13/16
 10782 | D:11     | Escaped the Abyss
 10805 | D:11     | Killed Sonja
 10805 | D:11     | Reached skill level 1 in Stealth
 10884 | D:11     | Found a staircase to the Lair.
 10900 | Lair:1   | Entered Level 1 of the Lair of Beasts
 11145 | Lair:1   | Noticed an eight-headed hydra
 11154 | Lair:1   | Killed a five-headed hydra
 11174 | Lair:1   | Reached skill level 14 in Axes
 11397 | Lair:1   | Gained mutation: You are frail. (-10% HP) [potion of mutation]
 11758 | Lair:2   | Found a staircase to the Snake Pit.
 12004 | Lair:2   | Gained mutation: You are very frail. (-20% HP) [potion of mutation]
 12004 | Lair:2   | Gained mutation: You regenerate slowly when monsters are visible. [potion of mutation]
 12013 | Lair:2   | Reached skill level 5 in Spellcasting
 12059 | Lair:2   | Noticed Fannar
 12070 | Lair:2   | Killed Fannar
 12172 | Lair:2   | Reached skill level 5 in Stealth
 12402 | Lair:2   | Reached XP level 13. HP: 74/74 MP: 19/19
 13266 | Lair:3   | Reached skill level 15 in Axes
 13499 | Lair:4   | Found a staircase to the Swamp.
 14014 | Lair:5   | Gained mutation: You have supernaturally acute eyesight. (SInv) [potion of beneficial mutation]
 14015 | Lair:5   | Gained mutation: Your flesh is cold resistant. (rC+) [potion of beneficial mutation]
 14124 | Lair:5   | Got a dazzling ring mail
 14135 | Lair:5   | Identified the +5 ring mail of Xeodull {+Fly rElec rPois Dex-4} (You found it on level 5 of the Lair of Beasts)
 14856 | Lair:6   | Entered Level 6 of the Lair of Beasts
 15307 | Lair:6   | Reached skill level 5 in Fighting
 15315 | Lair:6   | Reached XP level 14. HP: 27/85 MP: 11/22
 15826 | Lair:6   | Lost mutation: You have supernaturally acute eyesight. (SInv) [potion of cure mutation]
 15826 | Lair:6   | Lost mutation: You have a somewhat thin skeletal structure. (Dex +2, Stealth) [potion of cure mutation]
 15826 | Lair:6   | Lost mutation: Your flesh is cold resistant. (rC+) [potion of cure mutation]
 15826 | Lair:6   | Lost mutation: You are very frail. (-20% HP) [potion of cure mutation]
 16059 | Lair:6   | Found a staircase to the Slime Pits.
 16066 | Lair:6   | HP: 2/101 [acid (11)]
 16067 | Lair:6   | Splashed by an oklob plant's acid

Vault maps used:
D:1:      eino_arrival_water_cross
D:2:      first_bread
D:3:      ecumenical_altar_2, uniq_crazy_yiuf_cottage
D:4:      elyvilon_altar_5
D:5:      serial_shops, nicolae_shop_trees
D:7:      serial_bayou_ford_a, roderic_cross_of_infinity, grunt_livestock,
          uniq_joseph
D:8:      serial_aquarium, aquarium_bridge_square, aquarium_window_3,
          aquarium_window_fake, aquarium_window_2, aquarium_window_1,
          aquarium_view_2e, aquarium_view_2c, aquarium_balcony_3b, uniq_maurice
D:9:      zombieorc1_lemuel, serial_gnoll_camp, gnoll_camp_mini_basic,
          gnoll_camp_mini_house, gnoll_camp_mini_hut, gnoll_camp_mini_hut,
          gnoll_camp_mini_hut
D:10:     eino_house_with_fridge, uniq_psyche
D:11:     minmay_weird_star, david_lair_shrubbed, basic_altar, uniq_nergalle,
          uniq_grum, uniq_sonja
Temple:   minmay_crystal_snake_temple
Lair:1:   infiniplex_staircase_pool
Lair:2:   minmay_snake_entry_six_corridors, lemuel_fruit_fields, uniq_fannar
Lair:3:   guppyfry_lair_drakes
Lair:4:   minmay_swamp_entry_reptiles, lemuel_another_geyser, grunt_megastairs_3
Lair:5:   kilobyte_rumbling_trees, lemuel_fruit_fields, grunt_megastairs_2
Lair:6:   evilmike_catoblepas_cave, minmay_slime_entry_oklob_enclosed
Abyss:1:  hangedman_decor_points

Skill      XL: |  1  2  3  4  5  6  7  8  9 10 11 12 13 14 |
---------------+-------------------------------------------+-----
Axes           | 3 4 5 6 8 10 11 13 14 15 | 15.1
Armour         | 2 3 4 5 8 9 |  9.8
Charms         | 3 |  3.0
Necromancy     | 1 2 3 4 5 |  5.3
Dodging        | 3 5 7 8 |  8.7
Invocations    | 2 5 |  5.3
Shields        | 3 6 7 9 |  9.3
Evocations     | 2 6 |  6.2
Spellcasting   | 3 5 6 |  6.4
Stealth        | 5 6 |  6.7
Fighting       | 5 7 |  7.1

Action                   |  1- 3 |  4- 6 |  7- 9 | 10-12 | 13-15 || total
-------------------------+-------+-------+-------+-------+-------++-------
Melee: Hand axe          |   115 |    76 |    58 |       |       ||   249
       Headbutt          |    15 |    20 |    56 |   158 |   120 ||   369
       Quarterstaff      |       |    46 |     6 |       |       ||    52
       War axe           |       |       |   219 |    28 |       ||   247
       Broad axe         |       |       |       |   435 |   290 ||   725
 Cast: Regeneration      |       |       |       |     1 |       ||     1
Evoke: Wand              |       |       |       |     9 |     2 ||    11
  Use: Scroll            |       |    16 |     8 |    11 |     7 ||    42
       Potion            |       |     2 |     5 |     2 |     7 ||    16
 Stab: Sleeping          |       |       |       |    14 |    11 ||    25
       Confused          |       |       |       |     3 |       ||     3
       Distracted        |       |       |       |     2 |       ||     2
  Eat: Chunk             |     1 |     2 |     4 |     9 |     4 ||    20
       Bread ration      |       |     1 |       |     1 |       ||     2
       Pizza             |       |     1 |     1 |     1 |       ||     3
       Fruit             |       |       |     3 |     1 |       ||     4
       Beef jerky        |       |       |       |     2 |     1 ||     3
Armor: Leather armour    |     9 |       |       |       |       ||     9
       Robe              |    20 |    31 |    70 |   130 |    29 ||   280
       Skin              |       |       |    29 |       |       ||    29
       Ring mail         |       |       |       |       |    55 ||    55
Dodge: Dodged            |    68 |    97 |   259 |   582 |   290 ||  1296
Block: Buckler           |       |       |       |    89 |    50 ||   139
       Shield            |       |       |       |       |   106 ||   106
